AoeStats
← Maestro

MegaRandom

504000573Analyzed
1v1 RM · 29d ago on Sep 3, 2026· 31m 24s· 2 players
Game mode
Random Map
Map size
Tiny (2 player)
Population
200
Speed
Normal
Resources
Standard
Victory
Conquest
Starting age
Dark Age
Ending age
Imperial Age
RankedLock teamsTeams togetherTeam positionsShared explorationLock speedFull tech treeHidden civsTurbo modeCheats
Victory
Defeat
🇦🇷 Vikings · Argentina
621
+11
🇷🇺 Vietnamese · Russia
502
-11
Maestro
12:07 Feudal Age
13:41 Double-Bit Axe
14:54 Gold Mining
19:02 Padded Archer Armor
18:53 Fletching
22:46 Castle Age
22:27 Horse Collar
26:03 Crossbowman
29:16 Thumb Ring
29:57 Leather Archer Armor
30:27 Bow Saw
Octavio
14:42 Feudal Age
14:55 Feudal Age
15:01 Feudal Age
18:15 Double-Bit Axe
18:36 Horse Collar
18:50 Gold Mining
18:59 Loom
24:01 Castle Age
22:48 Forging
22:29 Fletching
24:16 Crossbowman
25:36 Iron Casting
24:58 Bodkin Arrow
25:26 Bow Saw
26:48 Gold Shaft Mining
26:21 Heavy Plow
26:42 Padded Archer Armor
29:57 Leather Archer Armor
30:44 Stone Mining
Connection lost

Rejoining the realm…

Still unreachable

The connection could not be restored.

Session expired

The server has moved on; the page needs a fresh start.